 Dungeon Crawl Stone Soup version 0.30-a0-1053-gbd8d5ba0ad (webtiles) character file.

Game seed: 13324469124304605546

143 GigaChad the Shield-Bearer (level 5, -1/41 (42) HPs)
             Began as a Formicid Fighter on Apr 11, 2023.
             Succumbed to an adder's poison
             ... on level 4 of the Dungeon.
             The game lasted 00:04:02 (2419 turns).

GigaChad the Shield-Bearer (Formicid Fighter)       Turns: 2419, Time: 00:04:02

HP:   -1/41 (42)    AC: 10    Str: 22 (23) XL:     5   Next: 50%
MP:   5/5           EV:  8    Int:  4 (7)  God:
Gold: 142           SH:  5    Dex: 11 (13) Spells: 4/4 levels left

rFire   . . .      SeeInvis +    a - +0 war axe
rCold   . . .      Faith    .    c - +0 buckler
rNeg    . . .      Spirit   .    e - +1 chain mail
rPois   .          Reflect  .    (helmet unavailable)
rElec   .          Rampage  .    (no cloak)
rCorr   .                        (no gloves)
Will    .....                    (no boots) Stlth
                                 (no amulet)
HPRegen 0.26/turn                (no ring)
MPRegen 0.09/turn                (no ring)

@: lethally poisoned (-1 -> -14), attractive, lightly drained
A: permanent stasis, dig shafts and tunnels, antennae 3, four strong arms
a: Dig, Shaft Self


You were on level 4 of the Dungeon.
You visited 1 branch of the dungeon, and saw 4 of its levels.

You collected 142 gold pieces.

Inventory:

Hand Weapons
 a - a +0 war axe (weapon)
Armour
 b - a +0 scale mail
 c - a +0 buckler (worn)
 e - a +1 chain mail (worn)
Jewellery
 n - an amulet of guardian spirit
 o - a ring of ice
Scrolls
 h - a scroll of noise
 k - a scroll of poison
 l - 5 scrolls of identify
 m - a scroll of immolation {unknown}
 p - a scroll of magic mapping {unknown}
 q - a scroll of teleportation {unknown}
Potions
 d - a potion of might
 g - a potion of attraction
 i - 2 potions of cancellation {unknown}
 j - 2 potions of heal wounds {unknown}
 r - a potion of berserk rage {unknown}


   Skills:
 * Level 3.9 Fighting
 + Level 3.4 Axes
 * Level 4.4 Armour
 * Level 4.9 Shields


You had 4 spell levels left.
You didn't know any spells.
Your spell library contained the following spells:

 Spells                   Type           Power      Damage    Failure   Level
 Freeze                   Ice            0%         1d3       99%         1
 Frozen Ramparts          Ice            0%         1d1       100%        3
 Hailstorm                Conj/Ice       0%         3d3       100%        3


Dungeon Overview and Level Annotations

Branches:
Dungeon (4/15)
 Temple: D:4-7

Altars:


Innate Abilities, Weirdness & Mutations

You cannot be hasted, slowed, berserked, paralysed or teleported.
You can dig through walls and to a lower floor.
You have a pair of large antennae on your head. (SInv)
Your four strong arms can wield two-handed weapons with a shield.


Message History

The adder is heavily wounded.
You barely miss the adder. You closely miss the adder.
You feel very sick. The adder bites you but does no damage.
The adder barely misses you. The adder bites you.
You are more poisoned.
The adder poisons you! The adder bites you.
You are more poisoned.
The adder poisons you!
Unknown command.
You are too injured to fight recklessly!
You are too injured to fight recklessly!
Unknown command.
Unknown command.
You are too injured to fight recklessly!
It was a potion of attraction.
You feel attractive to monsters.
You feel very sick.
The adder barely misses you. x2; The adder bites you but does no damage.
The adder bites you.
You are more poisoned.
The adder poisons you! The adder bites you but does no damage.
It was a potion of degeneration.
There was something very wrong with that liquid.
You feel weakened.
You feel dopey.
You feel clumsy.
* * * LOW HITPOINT WARNING * * *
You feel very sick. The adder bites you but does no damage.
The adder bites you.
* * * LOW HITPOINT WARNING * * *
The adder barely misses you. The adder bites you but does no damage.
You barely miss the adder.
The adder is heavily wounded.
You miss the adder. You barely miss the adder.
* * * LOW HITPOINT WARNING * * *
You feel very sick.
The adder barely misses you. x2; The adder bites you but does no damage. x3
You slash the adder!
You kill the adder!
You closely miss the adder. You barely miss the adder.
You die...

##.....#.............
..[.. #.............
.... #..#.......... {
...##.######...... {
#.##.## #......
#.#..# #......
{#gJ..# ##......
{#.#### ##....... #@#
###.......# { #SS.#
###.........#
#.....##...........#
.......#.....#####...
###.....#.##### #....
##...#### ##..#.
##### #..### #..# ..
##...## ##.##


You could see 2 adders, an endoplasm and a hobgoblin.

Vanquished Creatures
  An iguana (D:4)
  3 adders
  A white imp (D:4)
  2 worms
  2 dart slugs
  9 orcs
  8 ball pythons
  5 bats
  7 endoplasms
  A giant cockroach (D:3)
  8 hobgoblins
  A jackal (D:1)
  3 kobolds
  2 quokkas (D:1)
  5 frilled lizards
  7 goblins
  7 rats
72 creatures vanquished.

Notes
Turn   | Place    | Note
-------+----------+-------------------------------------------
     0 | D:1      | GigaChad the Formicid Fighter began the quest for the Orb.
     0 | D:1      | Reached XP level 1. HP: 18/18 MP: 1/1
   105 | D:1      | Reached XP level 2. HP: 24/24 MP: 2/2
   384 | D:1      | Reached XP level 3. HP: 28/29 MP: 3/3
   895 | D:2      | Reached XP level 4. HP: 36/36 MP: 4/4
  1760 | D:3      | Reached XP level 5. HP: 42/42 MP: 5/5
  2418 | D:4      | HP: 2/41 [poisoned by an adder]
  2419 | D:4      | Succumbed to an adder's poison

Illustrated notes

Levels and vault maps discovered:
D:1:      matt_arrival_spirals, layout_rooms, minmay_misc_feat_nine_boxes,
          minmay_octomino_c4
D:2:      layout_rooms, nicolae_hexahallways
D:3:      layout_basic, st_stairs_2
D:4:      minmay_octagon_keep, layout_layer_cave, serial_shops, shop_coins,
          minmay_liquid_box

Skill      XL: |  1  2  3  4 |
---------------+-------------+-----
Armour         | 4 |  4.4
Axes           | 3 |  3.4
Fighting       | |  3.9
Shields        | |  4.9

Action                     |  1- 3 |  4- 6 || total
---------------------------+-------+-------++-------
  Melee: War axe           |    90 |    89 ||   179
    Use: Scroll            |     4 |     1 ||     5
         Potion            |       |     2 ||     2
 Armour: Scale mail        |     5 |       ||     5
         Chain mail        |    33 |    65 ||    98
  Dodge: Dodged            |    37 |    47 ||    84
  Block: Buckler           |    14 |    28 ||    42

Table legend: (Time is in decaauts)
 A = Elapsed time spent in this place.
 B = Non-inter-level travel time spent in this place.
 C = Inter-level travel time spent in this place.
 D = Time resting spent in this place.
 E = Time spent auto-exploring this place.
 F = Levels seen in this place.
 G = Mean time per level.
                   A        B        C        D        E       F      G
               +--------+--------+--------+--------+--------+-----+--------+
         Total |   2488 |   2468 |     20 |      0 |   1877 |   4 |  622.0 |
       Dungeon |   2488 |   2468 |     20 |      0 |   1877 |   4 |  622.0 |
               +--------+--------+--------+--------+--------+-----+--------+

Top non-repeatable levels by time:
     D:3: 826 daAuts
     D:1: 674 daAuts
     D:2: 663 daAuts
     D:4: 324 daAuts
